 Dungeon Crawl Stone Soup version 0.19.1-1-g22dce08 (webtiles) character file.

159 Jynx the Covered (level 5, -10/33 HPs)
             Began as a Tengu Fighter on Jan 17, 2017.
             Was an Initiate of Okawaru.
             Killed by divine providence
             ... invoked by an orc priest
              (13 damage)
             ... on level 3 of the Dungeon.
             The game lasted 00:04:06 (2537 turns).

Jynx the Covered (Tengu Fighter)                    Turns: 2537, Time: 00:04:06

Health: -10/33     AC: 11    Str: 16    XL:     5   Next: 40%
Magic:  3/6        EV: 12    Int:  9    God:    Okawaru [......]
Gold:   181        SH:  0    Dex: 14    Spells: 0 memorised, 4 levels left

rFire  . . .     SeeInvis .     a - +0 long sword
rCold  . . .     Gourm    .     b - +0 scale mail
rNeg   . . .     Faith    .     (no shield)
rPois  .         Spirit   .     k - +2 hat
rElec  .         Reflect  .     m - +0 cloak
rCorr  .         Harm     .     l - +0 pair of gloves
MR     .....                    (boots unavailable)
Stlth  ..........               (no amulet)
                                (no ring)
                                (no ring)

@: flying quickly and evasively, quick
A: beak, talons 3, able to fly 1
a: Renounce Religion


You were on level 3 of the Dungeon.
You worshipped Okawaru.
Okawaru was noncommittal.
You were hungry.

You visited 1 branch of the dungeon, and saw 3 of its levels.

You collected 181 gold pieces.

Inventory:

Hand Weapons
 a - a +0 long sword (weapon)
Armour
 b - a +0 scale mail (worn)
 c - a +0 shield
 k - a +2 hat (worn)
 l - a +0 pair of gloves (worn)
 m - a +0 cloak (worn)
Scrolls
 e - a scroll of magic mapping
 n - a scroll of random uselessness {unknown}
Potions
 d - a potion of might
 h - a potion of resistance
 i - a potion of haste {unknown}
Comestibles
 f - 5 bread rations
 g - a beef jerky


   Skills:
 + Level 3.7 Fighting
 * Level 4.2 Long Blades
 + Level 4.2 Armour
 + Level 1.5 Dodging
 - Level 3.0 Shields


You had 4 spell levels left.
You didn't know any spells.

Dungeon Overview and Level Annotations

Branches:
Dungeon (3/15)

Altars:
Fedhas
Okawaru
Ru
Sif Muna


Innate Abilities, Weirdness & Mutations

You have a beak for a mouth.
You have claws for feet.
You can fly.


Message History

Unknown command.
Autopickup is now on.
Okay, then.
Unknown command.
You barely miss the ogre. Your peck misses the ogre.
The ogre closely misses you.
You slash the ogre! You claw the ogre, but do no damage.
The ogre is moderately wounded.
The ogre hits you with a giant club!
An orc priest comes into view. It is wielding a short sword.
You barely miss the ogre.
The ogre is moderately wounded.
The ogre hits you with a giant club!!
Ouch! That really hurt!
* * * LOW HITPOINT WARNING * * *
You swoop lightly up into the air.
You feel very comfortable in the air.
You feel somewhat more hungry.
The orc priest mumbles some strange prayers to Beogh against you.
Beogh smites you!
You die...

####.#####.#.........#
.....# #.'.........+
####.# #.#.........#
#.# #.##.......##
#.#####.###.....##
#.......# ##...##
###.##### ##'## #.#
#.# #.# #@# #.# #O#
#.# ..o #.# ..... #.#
.#...#. #.# #.##.##.#
. ... . # ### .


You could see an ogre and an orc priest.

Vanquished Creatures
  An orc wizard (D:3)
  6 adders
  An ooze (D:1)
  A dart slug (D:2)
  4 leopard geckos
  2 orcs (D:3)
  3 giant cockroaches
  7 goblins
  12 hobgoblins
  2 jackals (D:1)
  6 kobolds
  A ball python (D:3)
  9 bats
  5 frilled lizards
  7 rats
67 creatures vanquished.

Notes
Turn   | Place    | Note
-------+----------+-------------------------------------------
     0 | D:1      | Jynx the Tengu Fighter began the quest for the Orb.
     0 | D:1      | Reached XP level 1. HP: 14/14 MP: 2/2
    43 | D:1      | Reached XP level 2. HP: 16/19 MP: 3/3
   704 | D:1      | Reached XP level 3. HP: 23/23 MP: 4/4
  1368 | D:2      | Reached XP level 4. HP: 21/28 MP: 5/5
  2027 | D:3      | Reached skill level 1 in Dodging
  2027 | D:3      | Gained mutation: You can fly. [Tengu growth]
  2027 | D:3      | Reached XP level 5. HP: 19/33 MP: 6/6
  2184 | D:3      | Found a deep blue altar of Sif Muna.
  2211 | D:3      | Found an iron altar of Okawaru.
  2218 | D:3      | Found a sacrificial altar of Ru.
  2220 | D:3      | Found a blossoming altar of Fedhas.
  2310 | D:3      | Became a worshipper of Warmaster Okawaru
  2531 | D:3      | Noticed an ogre
  2537 | D:3      | Killed from afar by an orc priest

Skill      XL: |  1  2  3  4 |
---------------+-------------+-----
Long Blades    | 3 4 |  4.2
Armour         | 4 |  4.2
Dodging        | 1 |  1.5
Fighting       | |  3.7
Shields        | |  3.0

Action                   |  1- 3 |  4- 6 || total
-------------------------+-------+-------++-------
Melee: Long sword        |    86 |   113 ||   199
       Kick              |    21 |    19 ||    40
       Peck              |    12 |    15 ||    27
 Abil: Fly               |       |     1 ||     1
  Use: Potion            |     1 |       ||     1
       Scroll            |       |     2 ||     2
  Eat: Chunk             |     1 |     4 ||     5
Armor: Scale mail        |    55 |    56 ||   111
Dodge: Dodged            |    57 |    60 ||   117
       Rpst.: Long sword |    19 |    10 ||    29
